 Dungeon Crawl Stone Soup version 0.23.2-33-g5129a83184 (webtiles) character file.

Game seed: 16128140463470226248

642 kae the Slasher (level 7, 0/63 HPs)
             Began as a Minotaur Fighter on July 24, 2019.
             Was a Believer of Qazlal.
             Killed from afar by an orc wizard (10 damage)
             ... with a puff of frost
             ... on level 5 of the Dungeon.
             The game lasted 00:04:01 (3811 turns).

kae the Slasher (Minotaur Fighter)                  Turns: 3811, Time: 00:04:02

Health: 0/63       AC:  8    Str: 22    XL:     7   Next: 26%
Magic:  8/8        EV:  3    Int:  6    God:    Qazlal [**....]
Gold:   159        SH: 12    Dex:  9    Spells: 6/6 levels left

rFire    + . .     SeeInvis .   a - +1 long sword
rCold    x . .     Gourm    .   c - +0 shield
rNeg     . . .     Faith    .   b - +0 scale mail
rPois    .         Spirit   .   (helmet restricted)
rElec    .         Reflect  .   (no cloak)
rCorr    .         Harm     .   (no gloves)
MR       .....                  l - +0 pair of boots
Stlth    ..........             (no amulet)
HPRegen  0.20/turn              q - ring of fire
MPRegen  0.11/turn              d - -4 ring of evasion (curse)

@: no status effects
A: retaliatory headbutt, horns 2
a: Upheaval, Renounce Religion


You were on level 5 of the Dungeon.
You worshipped Qazlal.
Qazlal was pleased with you.
You were near starving.

You visited 1 branch of the dungeon, and saw 5 of its levels.

You collected 159 gold pieces.

Inventory:

Hand Weapons
 a - a +1 long sword (weapon)
Armour
 b - a +0 scale mail (worn)
 c - a +0 shield (worn)
 l - a +0 pair of boots (worn)
Jewellery
 d - a cursed -4 ring of evasion (right hand)
 g - an uncursed amulet of harm
 j - an uncursed amulet of regeneration
 k - an uncursed ring of protection from fire
 p - an uncursed amulet of harm
 q - a ring of fire (left hand)
 u - an uncursed ring of fire
Scrolls
 h - a scroll of identify
 m - 2 scrolls of amnesia
Potions
 t - a potion of cancellation
Comestibles
 f - 5 rations


   Skills:
 + Level 6.0 Fighting
 * Level 7.4 Long Blades
 - Level 3.6 Armour
 - Level 3.6 Shields
 + Level 3.1 Invocations


You had 6 spell levels left.
You didn't know any spells.
Your spell library was empty.

Dungeon Overview and Level Annotations

Branches:
Dungeon (5/15)             Temple (0/1) D:5

Altars:
Fedhas
Hepliaklqana
Kikubaaqudgha
Qazlal
Ru
Vehumet
Xom

Annotations:
D:3 3 runed translucent doors, troglodite's ghost, novice GnSk


Innate Abilities, Weirdness & Mutations

You reflexively headbutt those who attack you in melee.
You have a pair of horns on your head.


Message History

You slash the gnoll!
You kill the gnoll!
Qazlal accepts your kill. You block the orc wizard's attack.
You barely miss the orc wizard. Your headbutt misses the orc wizard.
The orc wizard hits you but does no damage. x2
You hit the orc wizard.
The orc wizard is heavily wounded.
A gnoll comes into view. It is wielding a +0 spear.
The orc wizard hits you but does no damage.
You slash the orc wizard! Your headbutt misses the orc wizard.
The orc wizard is almost dead.
The orc wizard casts a spell at you. The puff of frost hits you!
You feel a terrible chill!
* * * LOW HITPOINT WARNING * * *
The gnoll hits you from afar with a +0 spear.
* * * LOW HITPOINT WARNING * * *
The orc wizard points at you and mumbles some strange words.
The puff of frost hits you!
You feel a terrible chill!
You die...

...........#
.........
##.......
......###
#'o....#
#o..#.#.#
#.......#
#g#######>#
#oo@......#.#
#.#########.#
#.........#.#
#..######.#.#
#...........####
+..##...)......#
..###..........#
..##
#........).# .##
#..........#


You could see 2 orc wizards and a gnoll.

Vanquished Creatures
  A sky beast (D:5)
  A hound (D:3)
  3 orc priests
  2 bullfrog skeletons (D:4)
  An iguana (D:4)
  3 orc wizards
  A worker ant (D:5)
  A hound skeleton (D:4)
  A gnoll (D:5)
  6 adders
  2 shadow imps (D:5)
  An ooze (D:3)
  8 worms
  2 dart slugs
  5 leopard geckos
  24 orcs
  3 giant cockroaches (D:2)
  10 goblins
  6 hobgoblins
  6 jackals
  A quokka (D:5)
  7 bats
  2 frilled lizards (D:3)
  7 kobolds
  12 rats
116 creatures vanquished.

Notes
Turn   | Place    | Note
-------+----------+-------------------------------------------
     0 | D:1      | kae the Minotaur Fighter began the quest for the Orb.
     0 | D:1      | Reached XP level 1. HP: 19/19 MP: 0/0
   243 | D:1      | Reached skill level 3 in Long Blades
   245 | D:1      | Reached XP level 2. HP: 25/27 MP: 1/1
   732 | D:2      | Reached XP level 3. HP: 25/33 MP: 2/2
   736 | D:2      | Found a sacrificial altar of Ru.
   756 | D:2      | Found an ancient bone altar of Kikubaaqudgha.
   766 | D:2      | Found a radiant altar of Vehumet.
   871 | D:2      | Reached skill level 4 in Long Blades
  1049 | D:2      | Found a blossoming altar of Fedhas.
  1055 | D:2      | Found a stormy altar of Qazlal.
  1063 | D:2      | Found a blossoming altar of Fedhas.
  1083 | D:2      | Became a worshipper of Qazlal Stormbringer
  1636 | D:3      | Reached XP level 4. HP: 41/41 MP: 3/3
  1814 | D:3      | Reached * piety under Qazlal
  1814 | D:3      | Reached skill level 5 in Long Blades
  1814 | D:3      | Reached skill level 1 in Invocations
  1826 | D:3      | Reached XP level 5. HP: 25/47 MP: 4/4
  1854 | D:3      | Reached skill level 5 in Fighting
  2227 | D:3      | Found a runed translucent gate.
  2227 | D:3      | Found a runed translucent gate.
  2227 | D:3      | Found a runed translucent gate.
  2227 | D:3      | Noticed troglodite's ghost (novice GnSk)
  2416 | D:3      | Found a hazy altar of Hepliaklqana.
  2743 | D:4      | Reached skill level 6 in Long Blades
  2798 | D:4      | Reached XP level 6. HP: 56/56 MP: 6/6
  2992 | D:4      | Found a shimmering altar of Xom.
  3149 | D:4      | Reached ** piety under Qazlal
  3201 | D:5      | Entered Level 5 of the Dungeon
  3382 | D:5      | Found a staircase to the Ecumenical Temple.
  3385 | D:5      | Noticed a sky beast
  3774 | D:5      | Killed a sky beast
  3774 | D:5      | Reached skill level 7 in Long Blades
  3774 | D:5      | Reached XP level 7. HP: 45/62 MP: 6/8
  3811 | D:5      | Killed from afar by an orc wizard

Skill      XL: |  1  2  3  4  5  6  7 |
---------------+----------------------+-----
Long Blades    | 3 4 5 6 7 |  7.4
Fighting       | 4 5 6 |  6.0
Invocations    | 1 2 3 |  3.1
Armour         | |  3.6
Shields        | |  3.6

Action                   |  1- 3 |  4- 6 |  7- 9 || total
-------------------------+-------+-------+-------++-------
Melee: Long sword        |    99 |   161 |    36 ||   296
       Headbutt          |    17 |    30 |     4 ||    51
  Use: Potion            |       |     7 |       ||     7
       Scroll            |       |    10 |       ||    10
  Eat: Chunk             |     1 |     7 |       ||     8
Armor: Scale mail        |    37 |    57 |    10 ||   104
       Skin              |       |     7 |       ||     7
Dodge: Dodged            |    31 |    36 |       ||    67
Block: Shield            |    36 |    93 |    12 ||   141
       Rpst.: Long sword |    11 |     7 |       ||    18
